 Dungeon Crawl Stone Soup version 0.29-a0-1023-g6ae1a4a2c7 (webtiles) character file.

Game seed: 3870981493042894939

72 Sobieck the Sneak (level 4, -1/24 HPs)
             Began as a Kobold Earth Elementalist on Aug 11, 2022.
             Killed by divine providence
             ... invoked by an orc priest
              (9 damage)
             ... on level 2 of the Dungeon.
             The game lasted 00:07:02 (3121 turns).

Sobieck the Sneak (Kobold Earth Elementalist)       Turns: 3121, Time: 00:07:02

Health: -1/24      AC:  7    Str:  5    XL:     4   Next: 50%
Magic:  3/7        EV: 15    Int: 16    God:
Gold:   117        SH:  0    Dex: 17    Spells: 4/7 levels left

rFire   . . .      SeeInvis .   m - +0 dagger {short}
rCold   . . .      Faith    .   (no shield)
rNeg    . . .      Spirit   .   a - +0 robe
rPois   .          Reflect  .   (no helmet)
rElec   .          Harm     .   v - +0 cloak
rCorr   .          Rampage  .   A - +0 pair of gloves
Will    .....                   n - +2 pair of boots
Stlth   ++++......              (no amulet)
HPRegen 0.08/turn               (no ring)
MPRegen 0.10/turn               (no ring)

@: no status effects
A: small, no large weapons, nightstalker 3
a: no special abilities


You were on level 2 of the Dungeon.
You visited 1 branch of the dungeon, and saw 3 of its levels.

You collected 117 gold pieces.


Innate Abilities, Weirdness & Mutations

You are small and have problems with some larger weapons.
You are completely attuned to the shadows.


   Skills:
 + Level 1.2 Short Blades
 - Level 2.4 Dodging
 * Level 4.0 Stealth
 - Level 2.1 Spellcasting
 + Level 2.2 Transmutations
 + Level 3.6 Earth Magic


You had 4 spell levels left.
You knew the following spells:

 Your Spells              Type           Power      Damage    Failure   Level
a - Sandblast             Erth           26%        2d8       4%          1
b - Passwall              Tmut/Erth      9%         N/A       9%          2

Your spell library contained the following spells:

 Spells                   Type           Power      Damage    Failure   Level
 Magic Dart               Conj           4%         1d3       21%         1
 Stone Arrow              Conj/Erth      14%        3d7       28%         3
 Call Imp                 Summ           1%         N/A       30%         2
 Mephitic Cloud           Conj/Pois/Air  1%         N/A       52%         3
 Ozocubu's Armour         Ice            1%         N/A       52%         3
 Petrify                  Tmut/Erth      11%        N/A       52%         4
 Anguish                  Hex/Necr       0%         N/A       90%         4
 Enfeeble                 Hex            0%         N/A       100%        7
 Ozocubu's Refrigeration  Ice            0%         4d7       100%        7

Inventory:

Hand Weapons
 g - a +0 hand axe {axe}
   (You found it on level 1 of the Dungeon)
 i - a +0 club {mace}
   (You took it off a kobold on level 1 of the Dungeon)
 j - a +0 club {mace}
   (You took it off a kobold on level 1 of the Dungeon)
 m - a +0 dagger (weapon) {short}
   (You took it off a goblin on level 1 of the Dungeon)
 x - a +0 rapier {short}
   (You found it on level 3 of the Dungeon)
Missiles
 e - 31 stones {throwing}
 C - 5 boomerangs {throwing}
Armour
 a - a +0 robe (worn)
 f - a +0 robe
   (You found it on level 1 of the Dungeon)
 h - a +0 ring mail
   (You found it on level 1 of the Dungeon)
 n - a +2 pair of boots (worn)
   (You found it on level 1 of the Dungeon)
 o - a +0 leather armour
   (You found it on level 2 of the Dungeon)
 p - a +0 robe
   (You took it off a goblin on level 2 of the Dungeon)
 s - a +0 scale mail
   (You found it on level 2 of the Dungeon)
 t - a +0 leather armour
   (You found it on level 2 of the Dungeon)
 v - a +0 cloak (worn)
   (You found it on level 3 of the Dungeon)
 y - a +0 robe
   (You found it on level 3 of the Dungeon)
 A - a +0 pair of gloves (worn)
   (You found it on level 3 of the Dungeon)
Magical Staves
 z - a staff of air {!astaff}
   (You found it on level 3 of the Dungeon)
Scrolls
 c - a scroll of blinking {unknown}
 d - a scroll of teleportation {unknown}
 k - 3 scrolls of identify {unknown}
 q - 2 scrolls of poison {unknown}
 r - a scroll of immolation {unknown}
 B - a scroll of brand weapon {unknown}
Potions
 b - a potion of magic
 l - a potion of resistance {unknown}
 u - a potion of degeneration {unknown}
 w - a potion of heal wounds {unknown}

Dungeon Overview and Level Annotations

Branches:
Dungeon (3/15) Zot: 14812

Altars:

##.....## #.....# #...
##...## #.....# #.##
#.#.#####.....# #.##
#.#..<.######.#######...
#.#.###.## #.........##
#..#####.# ####.....##
#.....##.# #.#####
##.##.##)# #.#######
##.#.#@## #.##.....
##..o### #.##..###
##....#######.##.)###
####.........##..#..
############..#.# #....#
#..#.. ##...# ##.##


You could see an orc priest.


Message History

q - 2 scrolls labelled SUQAGR DAAPS (gained 1)
C - 5 boomerangs {throwing}
e - 31 stones {throwing} (gained 6)
You now have 117 gold pieces (gained 11).
A hobgoblin comes into view.
Danger!
An orc priest comes into view. It is wielding a +0 short sword.
An orc comes into view. It is wielding a +0 mace.
The orc shouts!
The orc priest shouts!
You hear a shout! x2
An orc priest comes into view. It is wielding a +0 mace.
An orc comes into view. It is wielding a +0 short sword.
The hobgoblin hits you.
You closely miss the orc priest. The orc priest closely misses you.
An orc priest comes into view. It is wielding a +0 dagger.
The hobgoblin closely misses you.
Unknown command.
The orc priest attacks as you move away!
The orc priest hits you but does no damage.
The hobgoblin attacks as you move away! The hobgoblin hits you.
The orc priest looks braver for a moment.
The orc priest miscasts a cantrip.
The orc throws a boomerang.
The boomerang completely misses you. The hobgoblin attacks as you move away!
The hobgoblin misses you. The hobgoblin attacks as you move away!
The hobgoblin closely misses you. The hobgoblin attacks as you move away!
The hobgoblin barely misses you. The hobgoblin attacks as you move away!
The hobgoblin hits you but does no damage.
The hobgoblin attacks as you move away!
The hobgoblin hits you but does no damage.
The hobgoblin attacks as you move away! The hobgoblin hits you.
A goblin comes into view. It is wielding a +0 club.
Found a stone staircase leading up.
The hobgoblin attacks as you move away! The hobgoblin closely misses you.
A bat comes into view.
There is a stone staircase leading up here.
The hobgoblin completely misses you.
The goblin shouts!
You climb upwards.
There is a stone staircase leading down here.
You barely miss the hobgoblin. The hobgoblin misses you.
You closely miss the hobgoblin. The hobgoblin hits you.
Casting: Sandblast (safe; 4% risk of failure)
Confirm with . or Enter, or press ? or * to list all spells.
Aiming: Sandblast (safe; 4% risk of failure)
Press: ? - help, Shift-Dir - straight line, f - hobgoblin
Aim: a hobgoblin (82% to hit)
The blast of sand hits the hobgoblin!
You kill the hobgoblin!
Casting: Sandblast (safe; 4% risk of failure)
Confirm with . or Enter, or press ? or * to list all spells.
Okay, then.
Unknown command.
You start resting.
You start resting.
Unknown command.
Unknown command.
You climb downwards.
The goblin hits you but does no damage. The goblin misses you.
There is a stone staircase leading up here.
Danger!
The orc priest hits you with a +0 short sword.
The goblin misses you.
You climb upwards.
There is a stone staircase leading down here.
Unknown command.
Casting: Sandblast (safe; 4% risk of failure)
Confirm with . or Enter, or press ? or * to list all spells.
Aiming: Sandblast (safe; 4% risk of failure)
Press: ? - help, Shift-Dir - straight line, f - goblin
Aim: a goblin, wielding a +0 club (77% to hit)
The blast of sand hits the goblin!
You kill the goblin!
The orc priest hits you but does no damage.
The orc priest hits you with a +0 short sword.
Casting: Sandblast (safe; 4% risk of failure)
Confirm with . or Enter, or press ? or * to list all spells.
Aiming: Sandblast (safe; 4% risk of failure)
Press: ? - help, Shift-Dir - straight line, f - orc priest
Aim: an orc priest, wielding a +0 short sword (82% to hit)
The blast of sand hits the orc priest.
The orc priest hits you with a +0 short sword.
The orc priest invokes the aid of Beogh against you.
Beogh smites you!
* * * LOW HITPOINT WARNING * * *
Casting: Sandblast (safe; 4% risk of failure)
Confirm with . or Enter, or press ? or * to list all spells.
Aiming: Sandblast (safe; 4% risk of failure)
Press: ? - help, Shift-Dir - straight line, f/p - orc priest
Aim: an orc priest, wielding a +0 short sword (moderately wounded, 82% to hit)
The blast of sand hits the orc priest.
The orc priest hits you but does no damage. x2
Casting: Sandblast (safe; 4% risk of failure)
Confirm with . or Enter, or press ? or * to list all spells.
Aiming: Sandblast (safe; 4% risk of failure)
Press: ? - help, Shift-Dir - straight line, f/p - orc priest
Aim: an orc priest, wielding a +0 short sword (severely wounded, 82% to hit)
The blast of sand hits the orc priest.
The orc priest invokes the aid of Beogh against you.
Beogh smites you!
You die...

Skill      XL: |  1  2  3  4 |
---------------+-------------+-----
Stealth        | 3 4 |  4.0
Transmutations | 2 |  2.2
Short Blades   | 1 |  1.2
Dodging        | |  2.4
Spellcasting   | |  2.1
Earth Magic    | |  3.6

Action                   |  1- 3 |  4- 6 || total
-------------------------+-------+-------++-------
Melee: Dagger            |    15 |    23 ||    38
 Cast: Sandblast         |    47 |    19 ||    66
       Passwall          |     8 |     2 ||    10
 Stab: Sleeping          |     8 |     7 ||    15
Armor: Robe              |     8 |    14 ||    22
Dodge: Dodged            |    26 |    36 ||    62

Levels and vault maps discovered:
D:1:      evilmike_arrival_hilbert_curve, layout_loops_ring
D:2:      layout_loops_cross, nicolae_wormholes
D:3:      layout_basic

Notes
Turn   | Place    | Note
-------+----------+-------------------------------------------
     0 | D:1      | Sobieck the Kobold Earth Elementalist began the quest for
                  | the Orb.
     0 | D:1      | Reached XP level 1. HP: 10/10 MP: 3/3
   106 | D:1      | You pick up a book of Maledictions and begin reading...
   106 | D:1      | You add the spells Anguish and Enfeeble to your library.
   329 | D:1      | Reached skill level 3 in Stealth
   330 | D:1      | Reached XP level 2. HP: 15/15 MP: 1/5
   696 | D:1      | Learned a level 2 spell: Passwall
   860 | D:1      | Reached XP level 3. HP: 19/19 MP: 4/6
  1108 | D:2      | You add the spells Ozocubu's Armour and Ozocubu's
                  | Refrigeration to your library.
  1458 | D:2      | You pick up a book of Minor Magic and begin reading...
  1458 | D:2      | You add the spells Magic Dart, Call Imp and Mephitic Cloud
                  | to your library.
  1474 | D:2      | Reached skill level 2 in Transmutations
  2040 | D:2      | Reached XP level 4. HP: 24/24 MP: 5/7
  2431 | D:3      | Reached skill level 1 in Short Blades
  2551 | D:3      | Reached skill level 4 in Stealth
  3121 | D:2      | Killed from afar by an orc priest

Vanquished Creatures
  3 worms (D:2)
  A dart slug (D:3)
  4 ball pythons (D:1)
  4 endoplasms
  4 giant cockroaches
  6 goblins
  5 hobgoblins
  6 jackals
  3 quokkas
  3 bats (D:1)
  4 frilled lizards
  8 kobolds
  5 rats
56 creatures vanquished.

Table legend:
 A = Non-vault XP
 B = Vault XP
 C = Vault XP percentage of total XP
 D = Non-vault monster count
 E = Vault monster count
 F = Vault count percentage of total count
                 A         B        C        D         E       F
            +---------+---------+-------+---------+---------+-------
      Total |      94 |      10 |   9.6 |      54 |       2 |   3.6
            +---------+---------+-------+---------+---------+-------
        D:1 |      35 |       0 |   0.0 |      23 |       0 |   0.0
        D:2 |      39 |      10 |  20.4 |      20 |       2 |   9.1
        D:3 |      20 |       0 |   0.0 |      11 |       0 |   0.0
            +---------+---------+-------+---------+---------+-------

Illustrated notes

Table legend:
 A = Kills in this place as a percentage of kills in entire the game.
 B = Kills by you in this place as a percentage of kills by you in the entire game.
 C = Kills by friends in this place as a percentage of kills by friends in the entire game.
 D = Other kills in this place as a percentage of other kills in the entire game.
 E = Experience gained in this place as a percentage of experience gained in the entire game.
 F = Experience gained in this place divided by the number of levels of this place that you have seen.
                   A       B       C       D       E      F
               +-------+-------+-------+-------+-------+----------------------
         Total | 100.0 | 100.0 |   N/A |   N/A | 100.0 |  34.7
       Dungeon | 100.0 | 100.0 |   N/A |   N/A | 100.0 |  34.7
               +-------+-------+-------+-------+-------+----------------------

Table legend: (Time is in decaauts)
 A = Elapsed time spent in this place.
 B = Non-inter-level travel time spent in this place.
 C = Inter-level travel time spent in this place.
 D = Time resting spent in this place.
 E = Time spent auto-exploring this place.
 F = Levels seen in this place.
 G = Mean time per level.
                   A        B        C        D        E       F      G
               +--------+--------+--------+--------+--------+-----+--------+
         Total |   3185 |   3143 |     42 |    432 |   2040 |   3 | 1061.7 |
       Dungeon |   3185 |   3143 |     42 |    432 |   2040 |   3 | 1061.7 |
               +--------+--------+--------+--------+--------+-----+--------+

Top non-repeatable levels by time:
     D:2: 1438 daAuts
     D:1: 1128 daAuts
     D:3: 618 daAuts
